 Dungeon Crawl Stone Soup version 0.30-a0-134-gb40fab5c76 (webtiles) character file.

Game seed: 15952234818210964211

67 zxpr0jk the Chiller (level 3, 0/26 HPs)
             Began as a Draconian Ice Elementalist on Sept 20, 2022.
             Killed from afar by an orc wizard (2 damage)
             ... with a puff of flame
             ... on level 3 of the Dungeon.
             The game lasted 00:06:25 (2458 turns).

zxpr0jk the Chiller (Draconian Ice Elementalist)    Turns: 2458, Time: 00:06:25

Health: 0/26       AC: 12    Str: 10    XL:     3   Next: 98%
Magic:  7/7        EV: 16    Int: 17    God:
Gold:   115        SH:  0    Dex: 11    Spells: 3/7 levels left

rFire   . . .      SeeInvis .    e - +0 short sword
rCold   . . .      Faith    .    (no shield)
rNeg    . . .      Spirit   .    (body armour unavailable)
rPois   +          Reflect  .    (helmet restricted)
rElec   .          Harm     .    (no cloak)
rCorr   +          Rampage  .    o - +0 pair of gloves
Will    .....                    (no boots)
Stlth   +.........               (no amulet)
HPRegen 0.08/turn                j - +4 ring of evasion
MPRegen 0.10/turn                c - ring of resist corrosion

@: confused, ice-armoured
A: AC +5, unfitting armour, cold-blooded, poison resistance
a: no special abilities


You were on level 3 of the Dungeon.
You visited 1 branch of the dungeon, and saw 3 of its levels.

You collected 160 gold pieces.
You spent 45 gold pieces at shops.

Inventory:

Hand Weapons
 e - a +0 short sword (weapon)
Missiles
 g - 12 stones
Armour
 o - a +0 pair of gloves (worn)
Jewellery
 c - a ring of resist corrosion (right hand)
 j - a +4 ring of evasion (left hand)
Scrolls
 b - 3 scrolls of fog {unknown}
 d - a scroll of teleportation {unknown}
 h - 4 scrolls of identify {unknown}
 l - a scroll of noise {unknown}


   Skills:
 - Level 1.7 Dodging
 - Level 1.7 Stealth
 + Level 2.7 Spellcasting
 * Level 5.1 Ice Magic


You had 3 spell levels left.
You knew the following spells:

 Your Spells              Type           Power      Damage    Failure   Level
a - Freeze                Ice            76%        1d9       2%          1
b - Ozocubu's Armour      Ice            19%        N/A       6%          3

Your spell library contained the following spells:

 Spells                   Type           Power      Damage    Failure   Level
 Frozen Ramparts          Ice            38%        1d6       6%          3
 Hailstorm                Conj/Ice       11%        3d5       52%         4


Dungeon Overview and Level Annotations

Branches:
Dungeon (3/15)

Altars:

Shops:
D:1 [   D:3 [


Innate Abilities, Weirdness & Mutations

Your plain brown scales are hard. (AC +5)
You cannot fit into any form of body armour.
You are cold-blooded and may be slowed by cold attacks.
Your system is resistant to poisons. (rPois)


Message History

You hear some strange, mumbled words.
You are confused.
The goblin barely misses you.
You are too confused!
j - a +4 ring of evasion (left hand)
Something hits you.
* * * LOW HITPOINT WARNING * * *
The goblin misses you.
Unknown command.
c - a ring of resist corrosion (right hand)
You are too confused!
Your icy armour will break if you move.
Continue?
Okay, then.
The goblin closely misses you.
You hear some strange, mumbled words.
A magic dart appears from out of thin air!
The magic dart hits you but does no damage.
The goblin misses you. Something barely misses you.
You hear some strange, mumbled words.
You are more confused.
The goblin barely misses you. Something hits you but does no damage.
The goblin closely misses you. The goblin closely misses you.
You hear some strange, mumbled words.
A puff of flame appears from out of thin air!
The puff of flame hits you but does no damage.
The heat melts your icy armour. The goblin closely misses you.
You hear some strange, mumbled words.
A puff of flame appears from out of thin air!
The puff of flame hits you.
* * * LOW HITPOINT WARNING * * *
The heat melts your icy armour. The goblin misses you.
Something hits you but does no damage. Something barely misses you.
The goblin misses you.
An orc wizard appears from thin air!
Reactivating autopickup.
The orc wizard points at you and mumbles some strange words.
The puff of flame hits you.
You die...

#.............#
+....∩..#######
#.......<###
#..........#
##.....#....#.####
...................#
.........######.###.#
............g.#..# #.#
o.......#..###@#.## #.#
...........# #o#.####.##
.......#...###.#.......#
..............#......###
.........h#####.####...#
. .#..........#.##<###.#
.o #...h.....<'.##.#...#
...
#..........####.#.###
#... #.{........# #...#


You could see an orc wizard and a goblin.

Vanquished Creatures
  3 adders (D:2)
  4 dart slugs
  3 ball pythons
  2 endoplasms (D:1)
  3 giant cockroaches
  2 goblins
  2 hobgoblins
  A jackal (D:3)
  A quokka (D:2)
  2 bats
  A frilled lizard (D:2)
  4 kobolds
  6 rats
34 creatures vanquished.

Notes
Turn   | Place    | Note
-------+----------+-------------------------------------------
     0 | D:1      | zxpr0jk the Draconian Ice Elementalist began the quest for
                  | the Orb.
     0 | D:1      | Reached XP level 1. HP: 14/14 MP: 3/3
   450 | D:1      | Reached XP level 2. HP: 20/20 MP: 3/5
   485 | D:1      | Found Kunuwull's Antique Armour Emporium.
   581 | D:1      | Found a faded altar of an unknown god.
  1183 | D:2      | Reached XP level 3. HP: 15/26 MP: 0/6
  1488 | D:2      | Learned a level 3 spell: Ozocubu's Armour
  1511 | D:2      | Reached skill level 5 in Ice Magic
  2065 | D:3      | Found Cyottiat's Armour Shoppe.
  2069 | D:3      | Bought a +0 pair of gloves for 45 gold pieces
  2075 | D:3      | Noticed an ice beast
  2097 | D:2      | Gained mutation: Your system is resistant to poisons.
                  | (rPois) [potion of mutation]
  2458 | D:3      | Killed from afar by an orc wizard

Illustrated notes

Levels and vault maps discovered:
D:1:      dpeg_arrival_concentric_ovals, layout_loops_ring,
          shapermc_ecumenical_altar_mp_ritualfount, serial_shops,
          nicolae_shop_hallway_stairs, nrook_mini_vaults, minmay_box_of_dots
D:2:      layout_basic
D:3:      layout_basic, serial_shops, shop, shop, shop, gup_sewer_entry_bowl,
          corexii_leaking_fountain, uniq_jessica

Skill      XL: |  1  2  3 |
---------------+----------+-----
Ice Magic      | 5 |  5.1
Dodging        | |  1.7
Stealth        | |  1.7
Spellcasting   | |  2.7

Action                   || total
-------------------------++-------
Melee: Unarmed           ||    11
       Tailslap          ||     7
       Short sword       ||    99
       Punch             ||     1
Throw: Stone             ||     6
 Cast: Freeze            ||    34
       Ozocubu's Armour  ||     1
  Use: Potion            ||     5
       Scroll            ||     2
Armor: Skin              ||    62
Dodge: Dodged            ||    96

Table legend: (Time is in decaauts)
 A = Elapsed time spent in this place.
 B = Non-inter-level travel time spent in this place.
 C = Inter-level travel time spent in this place.
 D = Time resting spent in this place.
 E = Time spent auto-exploring this place.
 F = Levels seen in this place.
 G = Mean time per level.
                   A        B        C        D        E       F      G
               +--------+--------+--------+--------+--------+-----+--------+
         Total |   2459 |   2386 |     73 |    273 |   1698 |   3 |  819.7 |
       Dungeon |   2459 |   2386 |     73 |    273 |   1698 |   3 |  819.7 |
               +--------+--------+--------+--------+--------+-----+--------+

Top non-repeatable levels by time:
     D:2: 1118 daAuts
     D:1: 1000 daAuts
     D:3: 340 daAuts
